 Dungeon Crawl Stone Soup version 0.31-a0-108-gdf935468f2 (webtiles) character file.

Game seed: 12199420486114030031

59 porpoise the Shooter (level 4, 0/28 HPs)
             Began as a Kobold Hunter on May 28, 2023.
             Slain by Sigmund
             ... wielding a +2 scythe of venom
              (5 damage)
             ... on level 2 of the Dungeon.
             The game lasted 00:03:23 (1242 turns).

porpoise the Shooter (Kobold Hunter)                Turns: 1242, Time: 00:03:24

Health: 0/28       AC:  6    Str:  7    XL:     4   Next: 22%
Magic:  4/4        EV: 14    Int: 14    God:
Gold:   91         SH:  0    Dex: 19    Spells: 3/3 levels left

rFire   . . .        a - +0 shortbow
rCold   . . .        (shield currently unavailable)
rNeg    . . .        c - +0 leather armour
rPois   .            (no helmet)
rElec   .            d - +0 cloak
rCorr   .            (no gloves)
SInv    .            e - +1 pair of boots
Will    .....        (no amulet)
Stlth   +++          (no ring)
HPRegen 0.24/turn    (no ring)
MPRegen 0.09/turn

%: no passive effects
@: lethally poisoned (0 -> -5)
A: small, no large weapons, nightstalker 3, hooves 1, clever 1
a: no special abilities


You were on level 2 of the Dungeon.
You visited 1 branch of the dungeon, and saw 2 of its levels.

You collected 91 gold pieces.

Inventory:

Hand Weapons
 a - a +0 shortbow (weapon)
Armour
 c - a +0 leather armour (worn)
 d - a +0 cloak (worn)
 e - a +1 pair of boots (worn)
 j - a +0 kite shield
Scrolls
 b - a scroll of immolation
 f - a scroll of fear {unknown}
 h - a scroll of vulnerability {unknown}
 i - a scroll of identify {unknown}
 k - a scroll of magic mapping {unknown}
 l - 2 scrolls of fog {unknown}
Potions
 g - a potion of mutation


   Skills:
 + Level 3.1 Fighting
 * Level 6.7 Ranged Weapons
 - Level 2.4 Dodging
 - Level 1.3 Stealth


You had 3 spell levels left.
You didn't know any spells.
Your spell library contained the following spells:

 Spells                   Type           Power      Damage    Failure   Level
 Necrotise                Necr           0%         1d4       41%         1
 Vampiric Draining        Necr           0%         2d6       78%         3
 Agony                    Necr           0%         N/A       100%        5


Dungeon Overview and Level Annotations

Branches:
Dungeon (2/15)

Altars:

Shops:
D:2 :

Annotations:
D:2 Sigmund


Innate Abilities, Weirdness & Mutations

You are small and have problems with some larger weapons.
You are completely attuned to the shadows.
You have large cloven feet.
Your mind is acute. (Int +4, Str/Dex -1)


Message History

Sigmund barely misses you.
You shoot an arrow. The arrow hits Sigmund.
Sigmund is almost dead.
Sigmund gestures at you while chanting. The magic dart hits you.
You shoot an arrow. The arrow closely misses Sigmund.
Sigmund casts a spell at you. You resist with some effort.
You shoot an arrow. The arrow barely misses Sigmund.
Sigmund points at you and mumbles some strange words.
You are confused.
You are too confused!
You are too confused!
Unknown command.
It was a potion of mutation.
You feel extremely strange.
Your feet thicken and deform.
You feel clever. Sigmund barely misses you.
Non-targeted confused fire: a) +0 shortbow
Press: ? - help, Q - select action Dir - look around, f - activate Look: Sigmund, wielding a +2 scythe of venom and wearing a +0 robe (almost dead)
You shoot an arrow.
The arrow hits Sigmund but does no damage.
Sigmund is almost dead.
Sigmund closely misses you.
Non-targeted confused fire: a) +0 shortbow
Press: ? - help, Q - select action Dir - look around, f - activate Look: Sigmund, wielding a +2 scythe of venom and wearing a +0 robe (almost dead)
You shoot an arrow.
Unknown command.
Sigmund points at you and mumbles some strange words.
The puff of flame hits you!
You feel less confused.
Sigmund hits you with a +2 scythe of venom!
* * * LOW HITPOINT WARNING * * *
You are lethally poisoned!
You shoot an arrow. The arrow closely misses Sigmund.
* * * LOW HITPOINT WARNING * * *
You feel very sick.
Sigmund hits you with a +2 scythe of venom.
You die...

#.........#
...
#.........#
...
#........[#
...
#.........#
..
#.........#
##
#.....#####
#.....#
#.....#
#...@@#
#.....#
#.....#
#.....#
......


You could see Sigmund.

Vanquished Creatures
  2 adders (D:2)
  2 worms (D:2)
  A dart slug (D:1)
  2 bats (D:1)
  5 endoplasms
  3 giant cockroaches
  2 goblins (D:1)
  3 hobgoblins (D:2)
  2 jackals (D:2)
  A quokka (D:1)
  A ball python (D:1)
  A frilled lizard (D:1)
  3 kobolds (D:1)
  2 rats
30 creatures vanquished.

Notes
Turn   | Place    | Note
-------+----------+-------------------------------------------
     0 | D:1      | porpoise the Kobold Hunter began the quest for the Orb.
     0 | D:1      | Reached XP level 1. HP: 12/12 MP: 1/1
   104 | D:1      | Reached XP level 2. HP: 18/18 MP: 2/2
   412 | D:1      | Reached skill level 6 in Ranged Weapons
   435 | D:1      | Reached XP level 3. HP: 22/22 MP: 3/3
   659 | D:1      | Found a faded altar of an unknown god.
   917 | D:2      | Reached XP level 4. HP: 22/28 MP: 4/4
  1186 | D:2      | Found Avaosam's Book Boutique.
  1226 | D:2      | Noticed Sigmund
  1237 | D:2      | Gained mutation: You have large cloven feet. [potion of
                  | mutation]
  1237 | D:2      | Gained mutation: Your mind is acute. (Int +4, Str/Dex -1)
                  | [potion of mutation]
  1242 | D:2      | Slain by Sigmund

Illustrated notes

Levels and vault maps discovered:
D:1:      dpeg_arrival_rooms_with_view, layout_loops_ring,
          shapermc_ecumenical_altar_acropolis
D:2:      layout_basic, serial_shops, shop, uniq_sigmund

Skill      XL: |  1  2  3 |
---------------+----------+-----
Ranged Weapons | 6 |  6.7
Fighting       | 3 |  3.1
Dodging        | |  2.4
Stealth        | |  1.3

Action                     |  1- 3 |  4- 6 || total
---------------------------+-------+-------++-------
   Fire: Shortbow          |    68 |    24 ||    92
    Use: Potion            |       |     1 ||     1
 Armour: Leather armour    |     5 |       ||     5
  Dodge: Dodged            |    13 |     5 ||    18

Table legend: (Time is in decaauts)
 A = Elapsed time spent in this place.
 B = Non-inter-level travel time spent in this place.
 C = Inter-level travel time spent in this place.
 D = Time resting spent in this place.
 E = Time spent auto-exploring this place.
 F = Levels seen in this place.
 G = Mean time per level.
                   A        B        C        D        E       F      G
               +--------+--------+--------+--------+--------+-----+--------+
         Total |   1256 |   1238 |     18 |     31 |   1016 |   2 |  628.0 |
       Dungeon |   1256 |   1238 |     18 |     31 |   1016 |   2 |  628.0 |
               +--------+--------+--------+--------+--------+-----+--------+

Top non-repeatable levels by time:
     D:1: 685 daAuts
     D:2: 571 daAuts
